 Dungeon Crawl Stone Soup version 0.30.1-11-g7821555f0a (webtiles) character file.

Game seed: 9365651402716247061

99 Nonny the Slasher (level 4, -1/35 HPs)
             Began as a Mummy Fighter on Nov 25, 2023.
             Slain by a sky beast (2 damage)
             ... on level 3 of the Dungeon.
             The game lasted 00:08:54 (1647 turns).

Nonny the Slasher (Mummy Fighter)                   Turns: 1647, Time: 00:08:54

Health: -1/35      AC:  6    Str: 19    XL:     4   Next: 45%
Magic:  13/13      EV: 10    Int:  7    God:
Gold:   81         SH:  4    Dex: 13    Spells: 3/3 levels left

rFire   x . .        i - +0 scimitar
rCold   + . .        c - +0 buckler
rNeg    + + +        h - +0 ring mail
rPois   ∞            j - +0 helmet
rElec   .            (no cloak)
rCorr   .            (no gloves)
SInv    .            (no boots)
Will    .....        (no amulet)
Stlth   +            d - ring of magical power
HPRegen 0.25/turn    (no ring)
MPRegen 0.13/turn

%: faith
@: no status effects
A: cold resistance 1, negative energy resistance 3, torment resistance 2, heat
vulnerability 1, in touch with death 1, no potions, faith
a: no special abilities


You were on level 3 of the Dungeon.
You visited 1 branch of the dungeon, and saw 3 of its levels.

You collected 81 gold pieces.

Inventory:

Hand Weapons
 i - a +0 scimitar (weapon)
Missiles
 f - 32 stones (quivered)
Armour
 c - a +0 buckler (worn)
 h - a +0 ring mail (worn)
 j - a +0 helmet (worn)
Jewellery
 d - a ring of magical power (left hand)
Scrolls
 b - a scroll of noise
 e - 2 scrolls of identify
 g - a scroll of fear


   Skills:
 - Level 3.0 Fighting
 + Level 3.1 Long Blades
 - Level 2.4 Armour
 * Level 1.7 Stealth
 + Level 2.8 Shields


You had 3 spell levels left.
You didn't know any spells.
Your spell library was empty.

Dungeon Overview and Level Annotations

Branches:
Dungeon (3/15)

Altars:
Hepliaklqana

Shops:
D:3 :

Annotations:
D:2 Sigmund


Innate Abilities, Weirdness & Mutations

You are immune to poison.
Your flesh is cold resistant. (rC+)
You are immune to negative energy. (rN+++)
You are immune to unholy pain and torment.
You are vulnerable to heat. (rF-)
You are in touch with the powers of death.
You do not drink.
You have a special connection with the divine. (Faith)


Message History

Reactivating autopickup.
The sky beast struggles against the net.
You hit the sky beast but do no damage.
The sky beast is moderately wounded.
The sky beast struggles against the net.
You slash the sky beast!
The sky beast is heavily wounded.
The sky beast flickers out of sight!
Deactivating autopickup; reactivate with Ctrl-A.
Something wriggles in the net.
All of a sudden the net rips apart!
Something hits you but does no damage.
You barely miss something. You block something's attack.
You miss something. Something hits you but does no damage.
You barely miss something.
A sky beast appears from thin air!
Reactivating autopickup.
The sky beast hits you. The sky beast shocks you. The sky beast hits you.
The sky beast shocks you.
You closely miss the sky beast.
The sky beast is heavily wounded.
The sky beast hits you but does no damage.
You hit the sky beast.
The sky beast is heavily wounded.
The sky beast barely misses you.
You hit the sky beast.
The sky beast is severely wounded.
The sky beast flickers out of sight!
Deactivating autopickup; reactivate with Ctrl-A.
Something hits you but does no damage.
You barely miss something.
Something hits you but does no damage. x2
You miss something. Something hits you but does no damage.
You hit something but do no damage. Something hits you but does no damage.
You miss something. Something hits you but does no damage. Something hits you.
Something shocks you.
* * * LOW HITPOINT WARNING * * *
You miss something. Something hits you.
* * * LOW HITPOINT WARNING * * *
Something shocks you.
* * * LOW HITPOINT WARNING * * *
You miss something. Something hits you.
You die...

#.#### ##.## #.......# ####.####
#.# #.#.###.# #.......# #.#
#.#.# #.# #.##.##.# ##+## #.#.#
#.# #.##.##.# ##...## #.#.# #.#
#.##...{# ##.....## #.#.# #.#
#.###...# ##..!....## #...# #.#
#.##....###.........####...###.#
#.#.......(...{@....'...........
#.......###.........###....###.#
#####..## ##.......## #.#..# #.#
#...# ##.....## #.##.###.# ##.##
##...## #.##...#.# #.# ##+##
#.####.#.# #.# #.# #.####.#.#
#.# #######.## #........#
#.###........# ######.###


There were no monsters in sight!

Vanquished Creatures
  3 adders
  2 dart slugs (D:2)
  5 ball pythons (D:1)
  6 bats
  8 endoplasms
  2 giant cockroaches (D:1)
  10 goblins
  5 hobgoblins
  2 jackals (D:2)
  3 quokkas (D:2)
  A frilled lizard (D:1)
  9 kobolds
  6 rats
62 creatures vanquished.

Notes
Turn   | Place    | Note
-------+----------+-------------------------------------------
     0 | D:1      | Nonny the Mummy Fighter began the quest for the Orb.
     0 | D:1      | Reached XP level 1. HP: 18/18 MP: 1/1
     3 | D:1      | Starting vault: little marsh
    95 | D:1      | Reached XP level 2. HP: 17/24 MP: 2/2
   156 | D:1      | Reached skill level 1 in Stealth
   304 | D:1      | Gained mutation: You are in touch with the powers of death.
                  | [Mummy growth]
   304 | D:1      | Reached XP level 3. HP: 29/29 MP: 3/3
   871 | D:2      | Reached XP level 4. HP: 29/35 MP: 4/4
   955 | D:2      | Noticed Sigmund
  1073 | D:2      | HP: 1/35 [Sigmund/+2 scythe of holy wrath (3)]
  1252 | D:2      | Found a faded altar of an unknown god.
  1364 | D:3      | Found a hazy altar of Hepliaklqana.
  1429 | D:3      | Noticed a sky beast
  1483 | D:3      | Found Seicir Vone's Book Emporium.
  1646 | D:3      | HP: 1/35 [something (6)]
  1647 | D:3      | Slain by a sky beast

Illustrated notes

#+#####+#
#≈.~...P#
#~P.~.≈~#
#PP..≈P≈#
#~≈P.~≈~#
#P~≈.P~~#
####@≈.P#
#<..~PP~#
#########


Turn 3 on D:1: Starting vault: little marsh

Levels and vault maps discovered:
D:1:      lightli_arrival_flooded_house, layout_rooms
D:2:      layout_basic, ebering_ecumenical_altar_hall, serial_bayou_lagoon_a,
          uniq_sigmund
D:3:      minmay_evil_eye, layout_loops_corners, fedhas_altar_fruit_tree,
          mainiacjoe_overflow_alcove_1, serial_shops, nicolae_shop_peninsula,
          nicolae_shop_stone, nicolae_shop_stone, shop, uniq_terence, uniq_ijyb

Skill      XL: |  1  2  3  4 |
---------------+-------------+-----
Stealth        | 1 |  1.7
Long Blades    | 2 3 |  3.1
Fighting       | |  3.0
Armour         | |  2.4
Shields        | |  2.8

Action                     |  1- 3 |  4- 6 || total
---------------------------+-------+-------++-------
  Melee: Long sword        |   140 |       ||   140
         Scimitar          |    33 |    57 ||    90
  Throw: Throwing net      |       |     2 ||     2
    Use: Scroll            |       |     3 ||     3
 Armour: Scale mail        |    57 |       ||    57
         Ring mail         |    22 |    19 ||    41
  Dodge: Dodged            |   104 |    19 ||   123
  Block: Buckler           |    34 |     9 ||    43
